 Dungeon Crawl Stone Soup version 0.30-a0-1053-gbd8d5ba0ad (webtiles) character file.

Game seed: 18004465467221134462

137 Hubris850 the Insei (level 5, -1/38 HPs)
             Began as a Djinni Transmuter on Apr 11, 2023.
             Frozen to death by an endoplasm (3 damage)
             ... on level 3 of the Dungeon.
             The game lasted 00:04:03 (1535 turns).

Hubris850 the Insei (Djinni Transmuter)             Turns: 1535, Time: 00:04:04

Health: -1/38      AC:  3    Str:  9    XL:     5   Next: 43%
Gold:   144        EV: 13    Int: 23    God:
                   SH:  0    Dex: 13

rFire   + + .      SeeInvis .    i - +2 spear (venom)
rCold   x . .      Faith    .    (no shield)
rNeg    . . .      Spirit   .    a - +0 robe
rPois   ∞          Reflect  .    t - +0 helmet
rElec   .          Rampage  .    (no cloak)
rCorr   .                        (no gloves)
Will    .....                    (boots unavailable)
Stlth   +                        (no amulet)
HPRegen 0.26/turn                p - +6 ring of intelligence
MPRegen 0.00/turn                (no ring)

@: flying
A: sickness immunity, fire resistance 2, cold vulnerability 1, float, innate
caster, HP casting, extra vitality 1
a: no special abilities


You were on level 3 of the Dungeon.
You visited 1 branch of the dungeon, and saw 3 of its levels.

You collected 144 gold pieces.

Inventory:

Hand Weapons
 d - a +1 hand axe of freezing
 i - a +2 spear of venom (weapon)
Missiles
 r - 2 poisoned darts
Armour
 a - a +0 robe (worn)
 t - a +0 helmet (worn)
Jewellery
 p - a +6 ring of intelligence (left hand)
Wands
 l - a wand of polymorph (4)
Scrolls
 e - a scroll of torment {unknown}
 g - 3 scrolls of identify {unknown}
 h - a scroll of immolation {unknown}
 j - a scroll of magic mapping {unknown}
 k - a scroll of enchant armour {unknown}
 n - a scroll of enchant weapon {unknown}
 q - a scroll of silence {unknown}
Potions
 b - a potion of lignification
 c - 3 potions of might {unknown}
 f - a potion of haste {unknown}
 m - a potion of ambrosia {unknown}
 o - a potion of flight {unknown}
 s - a potion of curing {unknown}


   Skills:
 - Level 2.0 Fighting
 - Level 3.5 Dodging
 + Level 3.9 Unarmed Combat
 + Level 2.4 Spellcasting


You knew the following spells:

 Your Spells              Type           Power      Damage    Failure   Level
a - Beastly Appendage     Tmut           28%        N/A       4%          1
b - Wereblood             Tmut           14%        N/A       7%          2
c - Spider Form           Tmut/Pois      14%        N/A       13%         3
d - Ice Form              Ice/Tmut       14%        N/A       41%         4
e - Kiss of Death         Conj/Necr      56%        2d9       4%          1
f - Momentum Strike       Conj/Tloc      28%        3d8       7%          2
Your spell library was empty.

Dungeon Overview and Level Annotations

Branches:
Dungeon (3/15)

Altars:
Xom


Innate Abilities, Weirdness & Mutations

You are immune to sickness and miasma.
You are immune to poison.
Your flesh is very heat resistant. (rF++)
You are vulnerable to cold. (rC-)
You float through the air rather than walking.
You learn spells naturally, not from books.
Your magical power is your life essence.
You have superior vitality. (+4 MHP)


Message History

You closely miss the hound. The hound bites you. The hound closely misses you.
You closely miss the hound. The hound bites you but does no damage.
The hound bites you.
Reach: i) +2 spear (venom)
Press: ? - help, Dir - move target, f - scorpion
Aim: a scorpion (about 37% to evade your +2 spear of venom)
The endoplasm is in the way.
You hit the endoplasm.
The endoplasm is lightly wounded.
The hound misses you. The endoplasm barely misses you.
You closely miss the scorpion. The hound bites you.
The scorpion stings you but does no damage.
The endoplasm hits you but does no damage.
The hound misses you. The scorpion closely misses you.
You hit the scorpion but do no damage.
The scorpion is poisoned.
The hound bites you. The endoplasm freezes you.
You are frozen.
The scorpion stings you. The hound misses you.
You hit the scorpion but do no damage.
The scorpion looks as sick as possible!
The scorpion is lightly wounded.
The endoplasm hits you but does no damage.
The hound bites you but does no damage. The scorpion closely misses you.
You completely miss the hound.
You kill the scorpion!
The hound bites you.
The endoplasm hits you but does no damage.
The hound bites you. The endoplasm freezes you.
You are frozen.
You feel a terrible chill!
* * * LOW HITPOINT WARNING * * *
Training target 3.5 for Dodging reached!
You have reached level 5!
The power to cast Momentum Strike wells up from within.
Spell assigned to 'f'.
You closely miss the hound. The hound barely misses you. x2
The endoplasm hits you but does no damage.
You barely miss the hound. The hound bites you.
* * * LOW HITPOINT WARNING * * *
The endoplasm freezes you.
You are frozen.
You feel a terrible chill!
You die...

.... .... ########### #...
##.........# #... #..........#
.#....#..........#
...?..#..$.>.....#
..##.............#
......J@.........#
.....#h..........#
.................####..
....#.......................
#.......#....#.........####..#
#.......##......######......#
........##...#..###.##.######
##...........#.........#
#.......##........#..###


You could see a hound and an endoplasm.

Vanquished Creatures
  A scorpion (D:3)
  Terence (D:3)
  An adder (D:2)
  2 dart slugs
  2 bats
  3 endoplasms
  2 giant cockroaches (D:1)
  A goblin (D:2)
  3 hobgoblins
  5 jackals
  A quokka (D:1)
  3 ball pythons
  A frilled lizard (D:1)
  3 kobolds
  4 rats (D:1)
33 creatures vanquished.

Notes
Turn   | Place    | Note
-------+----------+-------------------------------------------
     0 | D:1      | Hubris850 the Djinni Transmuter began the quest for the
                  | Orb.
     0 | D:1      | Hubris850 set off with the following spells memorised:
                  | Beastly Appendage, Wereblood, Spider Form, Ice Form.
     0 | D:1      | Reached XP level 1. HP: 17/17 MP: 0/0
   186 | D:1      | Reached XP level 2. HP: 22/22 MP: 0/0
   460 | D:1      | Reached XP level 3. HP: 27/27 MP: 0/0
   460 | D:1      | Learned a level 1 spell: Kiss of Death
   705 | D:2      | Found a faded altar of an unknown god.
   846 | D:2      | Found a shimmering altar of Xom.
  1333 | D:3      | Reached XP level 4. HP: 33/33 MP: 0/0
  1336 | D:3      | Noticed Terence
  1345 | D:3      | Killed Terence
  1525 | D:3      | Noticed a scorpion
  1533 | D:3      | Killed a scorpion
  1534 | D:3      | Reached XP level 5. HP: 4/38 MP: 0/0
  1534 | D:3      | Learned a level 2 spell: Momentum Strike
  1535 | D:3      | Frozen to death by an endoplasm

Illustrated notes

Levels and vault maps discovered:
D:1:      heliophobic_arrival_battle_scene, layout_loops_ring, fountainhead
D:2:      layout_basic, basic_altar, ebering_ecumenical_altar_abandoned,
          serial_bayou_crossing
D:3:      layout_basic, nicolae_wu_jian_glorious_leap, serial_shops, shop,
          uniq_terence

Skill      XL: |  1  2  3  4 |
---------------+-------------+-----
Spellcasting   | 2 |  2.4
Fighting       | 2 |  2.0
Dodging        | 3 |  3.5
Unarmed Combat | |  3.9

Action                     |  1- 3 |  4- 6 || total
---------------------------+-------+-------++-------
  Melee: Hand axe          |    34 |       ||    34
         Spear             |    37 |    15 ||    52
  Throw: Dart              |       |     2 ||     2
   Stab: Sleeping          |     3 |       ||     3
 Armour: Robe              |     8 |     8 ||    16
  Dodge: Dodged            |    54 |     9 ||    63

Table legend: (Time is in decaauts)
 A = Elapsed time spent in this place.
 B = Non-inter-level travel time spent in this place.
 C = Inter-level travel time spent in this place.
 D = Time resting spent in this place.
 E = Time spent auto-exploring this place.
 F = Levels seen in this place.
 G = Mean time per level.
                   A        B        C        D        E       F      G
               +--------+--------+--------+--------+--------+-----+--------+
         Total |   1548 |   1515 |     33 |     73 |   1186 |   3 |  516.0 |
       Dungeon |   1548 |   1515 |     33 |     73 |   1186 |   3 |  516.0 |
               +--------+--------+--------+--------+--------+-----+--------+

Top non-repeatable levels by time:
     D:1: 715 daAuts
     D:2: 625 daAuts
     D:3: 206 daAuts
